 Dungeon Crawl Stone Soup version 0.28.0-53-g5a82cb258f (webtiles) character file.

Game seed: 10140049280936715164

125 RUZZLEFAZAZZLE the Covered (level 5, -2/43 HPs)
             Began as a Gnoll Wanderer on July 4, 2022.
             Slain by an ogre
             ... wielding a +0 giant spiked club
              (10 damage)
             ... on level 3 of the Dungeon.
             The game lasted 00:05:59 (1728 turns).

RUZZLEFAZAZZLE the Covered (Gnoll Wanderer)         Turns: 1728, Time: 00:06:00

Health: -2/43      AC: 10    Str: 16    XL:     5   Next: 9%
Magic:  7/7        EV: 10    Int: 10    God:
Gold:   55         SH:  0    Dex: 10    Spells: 6/6 levels left

rFire   + . .      SeeInvis .   a - +2 hand crossbow
rCold   + . .      Faith    .   (no shield)
rNeg    . . .      Spirit   .   d - +0 ring mail
rPois   +          Reflect  .   l - +0 helmet
rElec   +          Harm     .   f - +0 cloak
rCorr   +          Rampage  .   g - +0 pair of gloves
Will    .....                   (no boots)
Stlth   +.........              (no amulet)
HPRegen 0.14/turn               k - ring of resist corrosion
MPRegen 0.10/turn               (no ring)

@: resistant
A: fangs 1, strong nose, distributed training
a: no special abilities


You were on level 3 of the Dungeon.
You visited 1 branch of the dungeon, and saw 3 of its levels.

You collected 55 gold pieces.

Inventory:

Hand Weapons
 a - a +2 hand crossbow (weapon)
 c - a +2 whip of holy wrath
Missiles
 b - 13 bolts (quivered ammo)
Armour
 d - a +0 ring mail (worn)
 f - a +0 cloak (worn)
 g - a +0 pair of gloves (worn)
 l - a +0 helmet (worn)
Jewellery
 k - a ring of resist corrosion (left hand)
Scrolls
 e - a scroll of magic mapping
 m - a scroll of holy word {unknown}
 n - a scroll of blinking {unknown}
Potions
 i - a potion of might


   Skills:
 + Level 4.7 Fighting
 + Level 1.3 Short Blades
 + Level 1.3 Long Blades
 + Level 1.3 Axes
 + Level 2.9 Maces & Flails
 + Level 1.3 Polearms
 + Level 1.3 Staves
 + Level 1.3 Slings
 + Level 1.3 Bows
 + Level 6.6 Crossbows
 + Level 1.3 Throwing
 + Level 6.6 Armour
 + Level 1.3 Dodging
 + Level 2.7 Stealth
 + Level 1.3 Shields
 + Level 1.3 Unarmed Combat
 + Level 1.3 Spellcasting
 + Level 1.1 Conjurations
 + Level 1.1 Hexes
 + Level 1.1 Summonings
 + Level 1.1 Necromancy
 + Level 1.1 Translocations
 + Level 1.1 Transmutations
 + Level 1.1 Fire Magic
 + Level 1.1 Ice Magic
 + Level 1.1 Air Magic
 + Level 1.1 Earth Magic
 + Level 1.1 Poison Magic
 + Level 1.5 Invocations
 + Level 1.3 Evocations


You had 6 spell levels left.
You didn't know any spells.
Your spell library contained the following spells:

 Spells                   Type           Power      Damage    Failure   Level
 Beastly Appendage        Tmut           4%         N/A       36%         1
 Wereblood                Tmut           2%         N/A       50%         2
 Spider Form              Tmut/Pois      2%         N/A       73%         3


Dungeon Overview and Level Annotations

Branches:
Dungeon (3/15)

Altars:

Shops:
D:2 :


Innate Abilities, Weirdness & Mutations

You have very sharp teeth.
Your uncanny sense of smell can sniff out nearby items.
Your experience applies equally to all skills.


Message History

The ogre is heavily wounded.
The ogre hits you with a +0 giant spiked club!!
Ouch! That really hurt!
You are too injured to fight recklessly!
You are too injured to fight recklessly!
It was a potion of resistance.
You feel protected.
The ogre hits you with a +0 giant spiked club.
* * * LOW HITPOINT WARNING * * *
It was a potion of curing.
You feel better. The ogre barely misses you.
You are too injured to fight recklessly!
You are too injured to fight recklessly!
You are too injured to fight recklessly!
You are too injured to fight recklessly!
Really attack while wielding your +2 hand crossbow? [Y]es or [N]o only, please.
Really attack while wielding your +2 hand crossbow? [Y]es or [N]o only, please.
Really attack while wielding your +2 hand crossbow? [Y]es or [N]o only, please.
Really attack while wielding your +2 hand crossbow?
You barely miss the ogre.
The ogre is heavily wounded.
The ogre closely misses you.
You are too injured to fight recklessly!
You clumsily bash the ogre but do no damage.
The ogre is heavily wounded.
The ogre hits you with a +0 giant spiked club.
You barely miss the ogre. You bite the ogre.
The ogre is heavily wounded.
The ogre closely misses you.
You clumsily bash the ogre but do no damage.
Your bite misses the ogre.
The ogre is heavily wounded.
The ogre hits you with a +0 giant spiked club!
* * * LOW HITPOINT WARNING * * *
You clumsily bash the ogre but do no damage.
The ogre is heavily wounded.
The ogre hits you with a +0 giant spiked club!
You die...

########.##.###..........).......
#.##.###.#########.#######
#>......†................[
########(..#####.......##.
###...# ##.#.#...... #...(.#
..#.#.#.#.#.# #.##(##..$#.#.#...#
# #...O.'...# #.# ### ####@.#...#
#.# ##[# ### #.# ... #.## .. #.#
.. #.#


You could see an ogre.

Vanquished Creatures
  An orc wizard (D:3)
  2 adders
  A dart slug (D:3)
  5 orcs (D:3)
  6 ball pythons
  4 bats
  6 endoplasms
  5 giant cockroaches
  10 goblins
  10 hobgoblins
  7 kobolds
  3 quokkas
  2 frilled lizards (D:1)
  3 rats
65 creatures vanquished.

Notes
Turn   | Place    | Note
-------+----------+-------------------------------------------
     0 | D:1      | RUZZLEFAZAZZLE the Gnoll Wanderer began the quest for the
                  | Orb.
     0 | D:1      | RUZZLEFAZAZZLE set off with the following items: a +2 hand
                  | crossbow, 24 bolts, a +0 mace, a +0 ring mail
     0 | D:1      | Reached XP level 1. HP: 20/20 MP: 1/1
   197 | D:1      | Reached XP level 2. HP: 26/26 MP: 2/2
   398 | D:1      | Reached XP level 3. HP: 31/31 MP: 3/3
   753 | D:2      | Reached skill level 1 in Invocations
   814 | D:2      | Reached skill level 1 in Short Blades
   814 | D:2      | Reached skill level 1 in Long Blades
   814 | D:2      | Reached skill level 1 in Axes
   814 | D:2      | Reached skill level 1 in Polearms
   814 | D:2      | Reached skill level 1 in Staves
   814 | D:2      | Reached skill level 1 in Slings
   814 | D:2      | Reached skill level 1 in Bows
   814 | D:2      | Reached skill level 1 in Throwing
   814 | D:2      | Reached skill level 1 in Dodging
   814 | D:2      | Reached skill level 1 in Shields
   814 | D:2      | Reached skill level 1 in Unarmed Combat
   814 | D:2      | Reached skill level 1 in Spellcasting
   814 | D:2      | Reached skill level 1 in Evocations
   947 | D:2      | Found Saonk's Book Boutique.
  1036 | D:2      | Reached XP level 4. HP: 38/38 MP: 5/5
  1417 | D:3      | Reached skill level 1 in Conjurations
  1417 | D:3      | Reached skill level 1 in Hexes
  1417 | D:3      | Reached skill level 1 in Summonings
  1417 | D:3      | Reached skill level 1 in Necromancy
  1417 | D:3      | Reached skill level 1 in Translocations
  1417 | D:3      | Reached skill level 1 in Transmutations
  1417 | D:3      | Reached skill level 1 in Fire Magic
  1417 | D:3      | Reached skill level 1 in Ice Magic
  1417 | D:3      | Reached skill level 1 in Air Magic
  1417 | D:3      | Reached skill level 1 in Earth Magic
  1417 | D:3      | Reached skill level 1 in Poison Magic
  1632 | D:3      | Reached XP level 5. HP: 43/43 MP: 6/6
  1717 | D:3      | Noticed an ogre
  1728 | D:3      | Slain by an ogre

Illustrated notes

Levels and vault maps discovered:
D:1:      dpeg_arrival_morbid_curiosity, layout_rooms
D:2:      layout_rooms, serial_shops, shop
D:3:      layout_basic

Skill      XL: |  1  2  3  4 |
---------------+-------------+-----
Invocations    | 1 |  1.5
Short Blades   | 1 |  1.3
Long Blades    | 1 |  1.3
Axes           | 1 |  1.3
Polearms       | 1 |  1.3
Staves         | 1 |  1.3
Slings         | 1 |  1.3
Bows           | 1 |  1.3
Throwing       | 1 |  1.3
Dodging        | 1 |  1.3
Shields        | 1 |  1.3
Unarmed Combat | 1 |  1.3
Spellcasting   | 1 |  1.3
Evocations     | 1 |  1.3
Conjurations   | 1 |  1.1
Hexes          | 1 |  1.1
Summonings     | 1 |  1.1
Necromancy     | 1 |  1.1
Translocations | 1 |  1.1
Transmutations | 1 |  1.1
Fire Magic     | 1 |  1.1
Ice Magic      | 1 |  1.1
Air Magic      | 1 |  1.1
Earth Magic    | 1 |  1.1
Poison Magic   | 1 |  1.1
Fighting       | |  4.7
Maces & Flails | |  2.9
Crossbows      | |  6.6
Armour         | |  6.6
Stealth        | |  2.7

Action                   |  1- 3 |  4- 6 || total
-------------------------+-------+-------++-------
Melee: Mace              |     9 |       ||     9
       Hand crossbow     |       |     5 ||     5
       Bite              |       |     1 ||     1
 Fire: Hand crossbow     |    63 |    62 ||   125
  Use: Scroll            |     1 |     3 ||     4
       Potion            |       |     2 ||     2
Armor: Ring mail         |     6 |    12 ||    18
Dodge: Dodged            |    14 |    18 ||    32
